 Dungeon Crawl Stone Soup version 0.20.0-10-g0535bb4 (webtiles) character file.

3483 maniacrov the Cleaver (level 10, 0/86 HPs)
             Began as a Hill Orc Fighter on June 3, 2017.
             Was a Follower of Trog.
             Succumbed to a killer bee's poison
             ... on level 8 of the Dungeon.
             The game lasted 00:47:51 (4913 turns).

maniacrov the Cleaver (Hill Orc Fighter)            Turns: 4913, Time: 00:47:51

Health: 0/86       AC: 16    Str: 22    XL:     10   Next: 7%
Magic:  11/11      EV:  8    Int: 10    God:    Trog [*.....]
Gold:   360        SH:  5    Dex: 11    Spells: 9/10 levels left

rFire    + . .     SeeInvis .   e - +2 hand axe (flame) {Fireaxe}
rCold    x . .     Gourm    .   z - +0 buckler
rNeg     . . .     Faith    .   r - +0 plate armour
rPois    .         Spirit   .   v - +0 helmet
rElec    .         Reflect  .   f - +0 cloak
rCorr    .         Harm     .   (no gloves)
MR       .....                  (no boots)
Stlth    ..........             (no amulet)
Regen    0.3/turn               E - ring of fire
MPRegen  0.2/turn               (no ring)

@: lethally poisoned (0 -> -10), drained
A: clever 1, sturdy frame 2
a: Berserk, Burn Spellbooks, Renounce Religion


You were on level 8 of the Dungeon.
You worshipped Trog.
Trog was aware of your devotion.
You were full.

You visited 2 branches of the dungeon, and saw 9 of its levels.

You collected 360 gold pieces.

Inventory:

Hand Weapons
 e - a +2 hand axe of flaming (weapon) {Fireaxe}
Armour
 c - a +0 shield
 f - a +0 cloak (worn)
 r - a +0 plate armour (worn)
 v - a +0 helmet (worn)
 z - a +0 buckler (worn)
 G - a +0 chain mail
Jewellery
 E - a ring of fire (left hand)
Wands
 p - a wand of enslavement (6/24)
Scrolls
 b - a scroll of blinking {unknown}
 h - 2 scrolls of noise {unknown}
 i - a scroll of teleportation
 k - a scroll of random uselessness
 l - 2 scrolls of remove curse
 n - 2 scrolls of recharging {unknown}
 t - 2 scrolls of fear
 w - 2 scrolls of enchant armour {unknown}
 y - 2 scrolls of immolation
Potions
 a - 4 potions of agility
 d - 3 potions of might
 j - a potion of cancellation
 m - a potion of ambrosia {unknown}
 o - a potion of heal wounds
 q - a potion of flight {unknown}
 u - 2 potions of mutation
 x - 2 potions of curing
 A - a potion of invisibility {unknown}
 B - 2 potions of resistance {unknown}
 F - a potion of haste {unknown}
Comestibles
 g - 4 fruits
 s - 3 royal jellies
 C - a bread ration
 D - a meat ration


   Skills:
 + Level 7.1(7.0) Fighting
 + Level 11.3(11.1) Axes
 + Level 7.9(7.8) Armour
 + Level 1.0(0.9) Dodging
 + Level 1.1(1.0) Stealth
 * Level 8.0(7.8) Shields
 - Level 0.9(0.8) Spellcasting
 - Level 0.8(0.6) Hexes


You had 9 spell levels left.
You knew the following spells:

 Your Spells              Type           Power        Failure   Level  Hunger
a - Corona                Hex            #......      82%         1    ##.....


Dungeon Overview and Level Annotations

Branches:
Dungeon (8/15)             Temple (1/1) D:6
   Lair: D:8-11

Altars:
Ashenzari
Cheibriados
Dithmenos
Elyvilon
Fedhas
Gozag
Hepliaklqana
Kikubaaqudgha
Makhleb
Nemelex Xobeh
Okawaru
Ru
Sif Muna
Trog
Uskayaw
Vehumet
Xom
Yredelemnul
Zin
The Shining One


Innate Abilities, Weirdness & Mutations

Your mind is acute. (Int +2)
Your movements are less encumbered by armour. (ER -4)


Message History

* * * LOW HITPOINT WARNING * * *
You feel sick.
The killer bee stings you but does no damage.
You block the killer bee's attack.
You slash the killer bee! You burn the killer bee.
The killer bee is severely wounded.
* * * LOW HITPOINT WARNING * * *
You feel sick.
The killer bee stings you but does no damage. x2
Unknown command.
You closely miss the killer bee.
The killer bee is severely wounded.
* * * LOW HITPOINT WARNING * * *
You feel sick. You block the killer bee's attack.
Unknown command.
You slash the killer bee! You burn the killer bee.
You kill the killer bee!
Trog accepts your kill.
Your base Shields skill increases to level 8!
You die...

.....#.....
....#.....
....#.....
##.........
#..........
#........#.
#..........
#..†.....#
#.@††....#
#........#
#........#
#........#
#........#
#........#
#......###
########


There were no monsters in sight!

Vanquished Creatures
  A hydra (D:6)
  Pikel (D:4)
  Sigmund (D:3)
  A wyvern (D:5)
  A slave (D:4)
  A sky beast (D:7)
  2 phantoms
  An ice beast (D:5)
  A centaur (D:6)
  2 ogres (D:4)
  A gnoll sergeant (D:5)
  3 bullfrogs (D:7)
  A water moccasin skeleton (D:7)
  8 killer bees (D:8)
  2 howler monkeys
  2 centaur zombies
  A crimson imp (D:7)
  A bullfrog zombie (D:5)
  3 hounds
  2 orc priests
  Jessica (D:2)
  An iguana (D:7)
  4 worker ants
  Robin (D:3)
  A howler monkey skeleton (D:7)
  8 adders
  8 gnolls
  A shadow imp (D:6)
  An ooze (D:2)
  2 adder skeletons
  7 dart slugs
  2 leopard geckos
  11 orcs
  3 giant cockroaches
  16 goblins
  13 hobgoblins
  9 jackals
  A quokka (D:4)
  3 ball pythons
  6 bats
  3 frilled lizards
  9 kobolds
  7 rats
154 creatures vanquished.

Notes
Turn   | Place    | Note
-------+----------+-------------------------------------------
     0 | D:1      | maniacrov the Hill Orc Fighter began the quest for the Orb.
     0 | D:1      | Reached XP level 1. HP: 19/19 MP: 1/1
    28 | D:1      | Reached XP level 2. HP: 19/27 MP: 2/2
   251 | D:1      | Reached skill level 3 in Axes
   663 | D:2      | Reached XP level 3. HP: 33/33 MP: 3/3
   701 | D:2      | Noticed Jessica
   707 | D:2      | Killed Jessica
   715 | D:2      | Reached XP level 4. HP: 24/40 MP: 4/4
   750 | D:2      | Found a shadowy altar of Dithmenos.
   929 | D:2      | Reached skill level 4 in Axes
  1310 | D:3      | Noticed Sigmund
  1327 | D:3      | Killed Sigmund
  1327 | D:3      | Reached skill level 5 in Axes
  1327 | D:3      | Reached XP level 5. HP: 36/47 MP: 5/5
  1327 | D:3      | Reached XP level 6. HP: 40/53 MP: 6/6
  1401 | D:3      | Found a glowing golden altar of the Shining One.
  1421 | D:3      | Became a worshipper of the Shining One
  1466 | D:3      | Noticed Robin
  1495 | D:3      | Killed Robin
  2290 | D:4      | Reached skill level 6 in Axes
  2290 | D:4      | Reached skill level 5 in Shields
  2389 | D:4      | Reached XP level 7. HP: 47/60 MP: 7/7
  2499 | D:4      | Reached skill level 5 in Fighting
  2499 | D:4      | Reached skill level 5 in Armour
  2509 | D:4      | Noticed Pikel
  2522 | D:4      | Killed Pikel
  2522 | D:4      | Reached skill level 8 in Axes
  2522 | D:4      | Reached skill level 1 in Stealth
  2522 | D:4      | Reached XP level 8. HP: 64/69 MP: 8/8
  2733 | D:5      | Entered Level 5 of the Dungeon
  2742 | D:5      | Noticed a wyvern
  2749 | D:5      | Killed a wyvern
  3142 | D:5      | Learned a level 1 spell: Corona
  3159 | D:5      | Reached * piety under the Shining One
  3166 | D:5      | Reached skill level 9 in Axes
  3718 | D:6      | Reached XP level 9. HP: 75/75 MP: 9/9
  3741 | D:6      | Noticed a four-headed hydra
  3742 | D:6      | Found a staircase to the Ecumenical Temple.
  3751 | D:6      | Killed a one-headed hydra
  3751 | D:6      | Reached skill level 10 in Axes
  3757 | Temple   | Entered the Ecumenical Temple
  4019 | Temple   | Fell from the grace of the Shining One
  4019 | Temple   | Became a worshipper of Trog the Wrathful
  4102 | D:6      | Reached skill level 1 in Dodging
  4459 | D:7      | Found a sacrificial altar of Ru.
  4710 | D:7      | Reached * piety under Trog
  4764 | D:7      | Reached skill level 11 in Axes
  4893 | D:8      | Reached XP level 10. HP: 35/86 MP: 11/11
  4900 | D:8      | Gained mutation: Your movements are slightly less encumbered by armour. (ER -2) [potion of mutation]
  4900 | D:8      | Gained mutation: Your movements are less encumbered by armour. (ER -4) [potion of mutation]
  4900 | D:8      | Gained mutation: Your mind is acute. (Int +2) [potion of mutation]
  4909 | D:8      | HP: 4/86 [poisoned by a killer bee]
  4912 | D:8      | HP: 1/86 [poisoned by a killer bee]
  4913 | D:8      | Succumbed to a killer bee's poison

Skill      XL: |  1  2  3  4  5  6  7  8  9 10 |
---------------+-------------------------------+-----
Axes           | 3 5 6 8 9 11 | 11.3
Armour         | 4 5 6 7 |  7.9
Fighting       | 4 5 6 7 |  7.1
Shields        | 4 5 6 7 8 |  8.0
Stealth        | 1 |  1.1
Dodging        | 1 |  1.0
Spellcasting   | |  0.9
Hexes          | |  0.8

Action                   |  1- 3 |  4- 6 |  7- 9 | 10-12 || total
-------------------------+-------+-------+-------+-------++-------
Melee: War axe           |    11 |       |       |       ||    11
       Hand axe          |    56 |   138 |   293 |    15 ||   502
Invok: Burn Spellbooks   |       |       |     1 |       ||     1
  Use: Scroll            |     1 |     6 |     3 |     1 ||    11
       Potion            |       |     1 |     2 |     2 ||     5
  Eat: Bread ration      |       |     2 |     1 |       ||     3
       Meat ration       |       |       |     1 |       ||     1
Armor: Scale mail        |    27 |    19 |       |       ||    46
       Plate armour      |       |    43 |   168 |    16 ||   227
Dodge: Dodged            |    14 |    26 |    65 |    12 ||   117
Block: Shield            |    36 |    74 |    39 |       ||   149
       Buckler           |       |       |    44 |    11 ||    55
